 Dungeon Crawl Stone Soup version 0.29.1-12-g30fa7ad0bf (webtiles) character file.

Game seed: 13631089289678209362

37 croobank the Digger (level 3, -2/20 HPs)
             Began as a Gargoyle Earth Elementalist on Dec 26, 2022.
             Slain by a gnoll
             ... wielding a +0 halberd
              (9 damage)
             ... on level 2 of the Dungeon.
             The game lasted 00:09:03 (1620 turns).

croobank the Digger (Gargoyle Earth Elementalist)   Turns: 1620, Time: 00:09:03

Health: -2/20      AC:  5    Str: 11    XL:     3   Next: 39%
Magic:  5/6        EV: 12    Int: 17    God:
Gold:   73         SH:  0    Dex: 10    Spells: 0/6 levels left

rFire   . . .      SeeInvis .   a - +0 dagger
rCold   . . .      Faith    .   (no shield)
rNeg    + . .      Spirit   .   c - +0 robe
rPois   ∞          Reflect  .   (no helmet)
rElec   +          Harm     .   (no cloak)
rCorr   .          Rampage  .   (no gloves)
Will    .....                   (no boots)
Stlth   ++........              (no amulet)
HPRegen 0.06/turn               (no ring)
MPRegen 0.10/turn               (no ring)

@: hasted, very quick
A: sickness immunity, AC +3, negative energy resistance 1, electricity
resistance, torment resistance 1, petrification resistance
a: no special abilities


You were on level 2 of the Dungeon.
You visited 1 branch of the dungeon, and saw 2 of its levels.

You collected 73 gold pieces.

Inventory:

Hand Weapons
 a - a +0 dagger (weapon)
Missiles
 h - 6 javelins
Armour
 c - a +0 robe (worn)
Potions
 b - a potion of magic
 d - a potion of flight {unknown}
 f - a potion of curing {unknown}
 g - a potion of ambrosia {unknown}


   Skills:
 + Level 0.7 Fighting
 + Level 1.9 Dodging
 + Level 2.7 Stealth
 + Level 2.3 Spellcasting
 + Level 0.0 Conjurations
 + Level 1.2 Transmutations
 + Level 3.9 Earth Magic


You couldn't memorise any spells.
You knew the following spells:

 Your Spells              Type           Power      Damage    Failure   Level
a - Sandblast             Erth           30%        2d9       3%          1
b - Passwall              Tmut/Erth      8%         N/A       10%         2
c - Stone Arrow           Conj/Erth      16%        3d8       26%         3

Your spell library contained the following spells:

 Spells                   Type           Power      Damage    Failure   Level
 Petrify                  Tmut/Erth      10%        N/A       54%         4


Dungeon Overview and Level Annotations

Branches:
Dungeon (2/15)

Altars:


Innate Abilities, Weirdness & Mutations

You are immune to sickness and miasma.
Your stone body is resilient. (AC +3)
You are immune to poison.
You resist negative energy. (rN+)
You are resistant to electric shocks. (rElec)
You are resistant to unholy torment.
You are immune to petrification.


Message History

The quokka is severely wounded.
The quokka barely misses you.
You closely miss the quokka.
The quokka is severely wounded.
The quokka barely misses you.
Cast which spell? (? or * to list)
Aiming: Sandblast (safe; 3% risk of failure)
Press: ? - help, Shift-Dir - straight line, f - quokka
Aim: a quokka (severely wounded, 75% to hit)
The blast of sand hits the quokka!
You kill the quokka!
Magic restored.
As you open the door, it creaks loudly!
There is an open door here.
An endoplasm comes into view.
Casting: Sandblast (safe; 3% risk of failure)
Confirm with . or Enter, or press ? or * to list all spells.
Aiming: Sandblast (safe; 3% risk of failure)
Press: ? - help, Shift-Dir - straight line, f - endoplasm
Aim: an endoplasm (asleep, 100% to hit)
The blast of sand hits the endoplasm!
You kill the endoplasm!
A gnoll comes into view. It is wielding a +0 halberd.
A gnoll comes into view. It is wielding a +0 spear.
A gnoll comes into view. It is wielding a +0 spear.
The gnoll shouts! x2
The gnoll hits you from afar with a +0 halberd!
Ouch! That really hurt!
Casting: Sandblast (safe; 3% risk of failure)
Confirm with . or Enter, or press ? or * to list all spells.
Aiming: Sandblast (safe; 3% risk of failure)
Press: ? - help, Shift-Dir - straight line, f - gnoll
Aim: a gnoll, wielding a +0 halberd (84% to hit)
The blast of sand hits the gnoll!
The gnoll is heavily wounded.
The gnoll misses you.
You aren't carrying any scrolls.
You feel yourself speed up.
The gnoll hits you from afar with a +0 halberd!
You die...

####### '.....#
######### ###...#
#........ #
#.############.###
#
#................#
#
##############.#.#
# #.#.# #.# # #@#
........#
######gg# #..#
#.g# #..# #..#
....


You could see 3 gnolls.

Vanquished Creatures
  A dart slug (D:1)
  3 endoplasms
  2 giant cockroaches
  2 goblins (D:1)
  5 hobgoblins
  2 quokkas
  5 ball pythons
  3 bats (D:1)
  3 frilled lizards (D:1)
  2 kobolds (D:1)
  6 rats
34 creatures vanquished.

Notes
Turn   | Place    | Note
-------+----------+-------------------------------------------
     0 | D:1      | croobank the Gargoyle Earth Elementalist began the quest
                  | for the Orb.
     0 | D:1      | Reached XP level 1. HP: 10/10 MP: 3/3
   327 | D:1      | Reached skill level 1 in Transmutations
   407 | D:1      | Reached XP level 2. HP: 15/15 MP: 3/5
   908 | D:1      | Learned a level 2 spell: Passwall
  1088 | D:1      | Reached XP level 3. HP: 20/20 MP: 4/6
  1219 | D:1      | Found a faded altar of an unknown god.
  1562 | D:2      | Learned a level 3 spell: Stone Arrow
  1620 | D:2      | Slain by a gnoll

Illustrated notes

Levels and vault maps discovered:
D:1:      saegor_arrival_simple_a, layout_loops_cross,
          shapermc_ecumenical_altar_hornbeckon
D:2:      layout_basic, serial_shops, shop

Skill      XL: |  1 |
---------------+----+-----
Transmutations | 1 |  1.2
Fighting       | |  0.7
Dodging        | |  1.9
Stealth        | |  2.7
Spellcasting   | |  2.3
Earth Magic    | |  3.9

Action                   || total
-------------------------++-------
Melee: Unarmed           ||    10
       Dagger            ||    26
       Punch             ||     1
 Cast: Sandblast         ||    41
       Passwall          ||     1
  Use: Scroll            ||     4
       Potion            ||     1
Armor: Robe              ||    15
Dodge: Dodged            ||    46
